 Dungeon Crawl Stone Soup version 0.30.0-15-g856e2d3f33 (webtiles) character file.

Game seed: 2217667235539370153

36 qw the Chopper (level 3, -2/23 HPs)
             Began as a Gargoyle Fighter on May 20, 2023.
             Slain by a gnoll
             ... wielding a +0 spear
              (7 damage)
             ... on level 2 of the Dungeon.
             The game lasted 00:00:31 (930 turns).

qw the Chopper (Gargoyle Fighter)                    Turns: 930, Time: 00:00:31

Health: -2/23      AC: 12    Str: 21    XL:     3   Next: 37%
Magic:  3/3        EV:  9    Int:  8    God:
Gold:   65         SH:  4    Dex:  9    Spells: 2/2 levels left

rFire   . . .        Y - +0 war axe
rCold   . . .        c - +0 buckler
rNeg    + . .        b - +0 scale mail
rPois   inf          (no helmet)
rElec   +            l - +1 cloak
rCorr   .            (no gloves)
SInv    .            (no boots)
Will    .....        (no amulet) Stlth
                     (no ring)
HPRegen 0.23/turn    (no ring)
MPRegen 0.08/turn

%: no passive effects
@: no status effects
A: sickness immunity, AC +3, negative energy resistance 1, electricity
resistance, torment resistance 1, petrification resistance
a: no special abilities


You were on level 2 of the Dungeon.
You visited 1 branch of the dungeon, and saw 2 of its levels.

You collected 65 gold pieces.


Innate Abilities, Weirdness & Mutations

You are immune to sickness and miasma.
Your stone body is resilient. (AC +3)
You are immune to poison.
You resist negative energy. (rN+)
You are resistant to electric shocks. (rElec)
You are resistant to unholy torment.
You are immune to petrification.


   Skills:
 - Level 3.2 Fighting
 + Level 3.3 Axes
 - Level 3.2 Armour
 - Level 3.2 Shields


You had 2 spell levels left.
You didn't know any spells.
Your spell library was empty.

Inventory:

Hand Weapons
 i - a +0 club
 Y - a +0 war axe (weapon)
Armour
 b - a +0 scale mail (worn)
 c - a +0 buckler (worn)
 l - a +1 cloak (worn)
Scrolls
 g - 2 scrolls of identify
Potions
 d - 2 potions of might
 e - a potion of heal wounds {unknown}
 k - a potion of curing {unknown}

Dungeon Overview and Level Annotations

Branches:
Dungeon (2/15)

Altars:


Message History

You kill the endoplasm!
A rat comes into view.
You feel your willpower return.
You slash the rat!
You kill the rat!
Found a stone staircase leading down.
A giant cockroach comes into view.
You hit the giant cockroach.
You kill the giant cockroach!
You see here a giant cockroach corpse.
There is a stone staircase leading down here.
You open the door.
There is an open door here.
g - 2 scrolls of identify (gained 1)
You open the door.
A gnoll comes into view. It is wielding a +0 spear.
The gnoll shouts!
A gnoll comes into view. It is wielding a +0 halberd.
There is an open door here.
A gnoll comes into view. It is wielding a +0 spear.
A hobgoblin comes into view.
The gnoll shouts!
The hobgoblin shouts!
The gnoll hits you with a +0 spear.
You barely miss the gnoll. The gnoll hits you but does no damage.
The gnoll hits you from afar with a +0 halberd.
You barely miss the gnoll. The gnoll misses you.
The gnoll hits you from afar with a +0 halberd.
The gnoll closely misses you.
You barely miss the gnoll. The gnoll hits you with a +0 spear.
The gnoll barely misses you.
The gnoll hits you from afar with a +0 spear.
The gnoll hits you from afar with a +0 halberd.
You block the gnoll's attack. The gnoll hits you but does no damage.
You hit the gnoll.
The gnoll is moderately wounded.
You block the gnoll's attack. The gnoll barely misses you.
The gnoll hits you from afar with a +0 spear!
You die...

##+## ##...## . #
##.....## # #..#.
##.......## ##
#....g####.........####.
.....gg@.'.........'....
#....g####.........#.##.
##... ##.......##.###
.... ##.....###.# # ###
##...## #.# # ##+##
#.### ##### #.# #....
#...####.### #####
#.###..........# #


You could see 3 gnolls and a hobgoblin.

Vanquished Creatures
  2 dart slugs (D:1)
  3 endoplasms
  2 giant cockroaches
  4 hobgoblins (D:1)
  3 jackals (D:1)
  5 ball pythons (D:1)
  5 bats (D:1)
  2 frilled lizards (D:1)
  2 kobolds (D:1)
  2 rats
30 creatures vanquished.

Notes
Turn   | Place    | Note
-------+----------+-------------------------------------------
     0 | D:1      | qw the Gargoyle Fighter began the quest for the Orb.
     0 | D:1      | Reached XP level 1. HP: 14/14 MP: 1/1
     0 | D:1      | 0 ||| qw: Version: 0.2-a-97-g6b18286
     0 | D:1      | 0 ||| qw: Game counter: 17
     0 | D:1      | 0 ||| qw: Always use a shield: true
     0 | D:1      | 0 ||| qw: God list: Okawaru
     0 | D:1      | 0 ||| qw: Allow faded altars: false
     0 | D:1      | 0 ||| qw: Do Orc after D:15 true
     0 | D:1      | 0 ||| qw: Do second Lair branch before Depths: true
     0 | D:1      | 0 ||| qw: Lair rune preference: random
     0 | D:1      | 0 ||| qw: Plans: Normal, Zot:1-4, God:TSO, Crypt, Tomb,
                  | Pan, Slime:5, Hells, Abyss, Win
     0 | D:1      | 0 ||| PLANNING D:1-11
   137 | D:1      | 137 ||| Stepping ~*~*~tactically~*~*~ (stealth).
   139 | D:1      | 139 ||| Stepping ~*~*~tactically~*~*~ (stealth).
   146 | D:1      | Reached XP level 2. HP: 14/19 MP: 2/2
   436 | D:1      | Reached skill level 3 in Axes
   457 | D:1      | Reached XP level 3. HP: 23/23 MP: 3/3
   710 | D:1      | 710 ||| Stepping ~*~*~tactically~*~*~ (stealth).
   825 | D:1      | 825 ||| UPGRADING to +0 cloak.
   830 | D:1      | 830 ||| READING scroll labelled EVVAUL CAMA.
   831 | D:1      | 831 ||| READING 2 scrolls labelled CUASAHO VIES.
   832 | D:1      | 832 ||| READING scroll labelled HIAGIC BYSUIXYI.
   837 | D:1      | 837 ||| READING 2 scrolls labelled UTYDIMOSAKK.
   838 | D:1      | 838 ||| READING scroll of enchant armour.
   838 | D:1      | 838 ||| ENCHANTING +0 cloak.
   839 | D:1      | 839 ||| READING 2 scrolls labelled MAGAIDO GIVITAZI.
   840 | D:1      | 840 ||| DROPPING scroll of immolation.
   929 | D:2      | HP: 4/23 [gnoll/+0 halberd (2)]
   930 | D:2      | Slain by a gnoll

Levels and vault maps discovered:
D:1:      spicycebolla_arrival_clurvy, layout_loops_corners, minmay_tall_x
D:2:      layout_loops_corners, serial_shops, shop,
          shapermc_ecumenical_altar_flowoftime, nicolae_titane

Skill      XL: |  1  2 |
---------------+-------+-----
Axes           | 2 3 |  3.3
Fighting       | |  3.2
Armour         | |  3.2
Shields        | |  3.2

Action                     || total
---------------------------++-------
  Melee: War axe           ||    86
    Use: Scroll            ||     6
 Armour: Scale mail        ||    48
  Dodge: Dodged            ||    39
  Block: Buckler           ||    17

Table legend:
 A = Non-vault XP
 B = Vault XP
 C = Vault XP percentage of total XP
 D = Non-vault monster count
 E = Vault monster count
 F = Vault count percentage of total count
                 A         B        C        D         E       F
            +---------+---------+-------+---------+---------+-------
      Total |      44 |       8 |  15.4 |      26 |       4 |  13.3
            +---------+---------+-------+---------+---------+-------
        D:1 |      39 |       8 |  17.0 |      23 |       4 |  14.8
        D:2 |       5 |       0 |   0.0 |       3 |       0 |   0.0
            +---------+---------+-------+---------+---------+-------
